 Dungeon Crawl Stone Soup version 0.26.0-3-g156281e41b (webtiles) character file.

Game seed: 14643684858362557272

65 tolidin the Skirmisher (level 3, -6/33 HPs)
             Began as a Minotaur Monk on Jan 9, 2021.
             Killed from afar by a worker ant (31 damage)
             ... with an exploding inner flame
             ... on level 2 of the Dungeon.
             The game lasted 00:09:27 (1915 turns).

tolidin the Skirmisher (Minotaur Monk)              Turns: 1915, Time: 00:09:29

Health: -6/33      AC:  2    Str: 15    XL:     3   Next: 94%
Magic:  2/2        EV: 14    Int:  7    God:
Gold:   134        SH:  0    Dex: 13    Spells: 2/2 levels left

rFire    . . .     SeeInvis .     - Unarmed
rCold    . . .     Faith    .   (no shield)
rNeg     . . .     Spirit   .   d - +0 robe
rPois    .         Reflect  .   (helmet restricted)
rElec    .         Harm     .   (no cloak)
rCorr    .         Rampage  .   (no gloves)
Will     .....                  (no boots)
Stlth    ++........             (no amulet)
HPRegen  0.11/turn              (no ring)
MPRegen  0.08/turn              (no ring)

@: lethally poisoned (-6 -> -13)
A: retaliatory headbutt, horns 2
a: no special abilities


You were on level 2 of the Dungeon.
You visited 1 branch of the dungeon, and saw 2 of its levels.

You collected 134 gold pieces.

Inventory:

Armour
 a - a +0 robe
 b - a +0 robe
 d - a +0 robe (worn)
 f - a cursed +0 helmet
 j - a +1 pair of boots
Potions
 i - a potion of lignification {unknown}


   Skills:
 + Level 4.2 Fighting
 * Level 4.1 Dodging
 + Level 1.8 Stealth
 + Level 4.0 Unarmed Combat


You had 2 spell levels left.
You didn't know any spells.
Your spell library was empty.

Dungeon Overview and Level Annotations

Branches:
Dungeon (2/15)

Altars:
Fedhas


Innate Abilities, Weirdness & Mutations

You reflexively headbutt those who attack you in melee.
You have a pair of horns on your head.


Message History

The worker ant is lightly wounded.
The worker ant bites you.
You are poisoned.
The worker ant poisons you!
You barely miss the worker ant.
The worker ant is lightly wounded.
You feel sick. The worker ant bites you.
You hit the worker ant.
Flame seeps out of the worker ant.
The worker ant is lightly wounded.
You feel sick.
The worker ant is engulfed in blazing flames.
Flame seeps out of the worker ant.
The worker ant misses you.
You hit the worker ant but do no damage.
The worker ant is severely wounded.
You feel sick.
The worker ant is engulfed in blazing flames.
The worker ant explodes!
The fiery explosion engulfs you!!
Ouch! That really hurt!
You die...

# #.### # #...#
###...## ...#...#
...†..#.#.######
.>...##
........#########
....##
...............#
.....#
.#####..######[#
....#.#.#.# #.@#
#.# ..........#
#§○######.##
..#.#####..
..§§§......)#
..#.# #.#
###..######..#
#.#.# #.# .....
#..# #.#.#
##.##.##..# #..#
#.#.# #.........#
#.#..# #.#.# #.<#
###.. #.#..#
....####..##.#
##.#.##


There were no monsters in sight!

Vanquished Creatures
  A worker ant (D:2)
  Terence (D:2)
  4 dart slugs
  2 leopard geckos
  A giant cockroach (D:1)
  3 goblins (D:1)
  2 hobgoblins
  3 jackals (D:1)
  2 quokkas (D:2)
  A ball python (D:1)
  4 bats
  4 frilled lizards
  4 kobolds
  3 rats (D:1)
35 creatures vanquished.

Notes
Turn   | Place    | Note
-------+----------+-------------------------------------------
     0 | D:1      | tolidin the Minotaur Monk began the quest for the Orb.
     0 | D:1      | Reached XP level 1. HP: 19/19 MP: 0/0
   174 | D:1      | You fall into a shaft and drop 1 floor!
   225 | D:2      | Found a blossoming altar of Fedhas.
   383 | D:1      | Reached XP level 2. HP: 27/27 MP: 1/1
  1219 | D:1      | Reached XP level 3. HP: 33/33 MP: 2/2
  1508 | D:2      | Noticed Terence
  1526 | D:2      | Killed Terence
  1915 | D:2      | Killed from afar by a worker ant

Illustrated notes

Levels and vault maps discovered:
D:1:      nzn_arrival_depleted_hourglass, layout_loops_ring,
          minmay_misc_feat_rows
D:2:      layout_loops_ring, fedhas_altar_4, chequers_ecumenical_altar_twisty,
          uniq_terence

Skill      XL: |  1  2  3 |
---------------+----------+-----
Fighting       | 4 |  4.2
Dodging        | 4 |  4.1
Unarmed Combat | 4 |  4.0
Stealth        | |  1.8

Action                   || total
-------------------------++-------
Melee: Unarmed           ||    70
       Headbutt          ||    10
       Punch             ||     2
       Hunting sling     ||     6
  Use: Scroll            ||     9
       Potion            ||     1
 Stab: Distracted        ||     1
       Sleeping          ||     2
Armor: Robe              ||    10
Dodge: Dodged            ||    59
